AoeStats
← HrH The Sausage Meister General

Black Forest

509707659Analyzed
4v4 RM · 5d ago on Sep 27, 2026· 55m 16s· 8 players
Game mode
Random Map
Map size
Large (8 player)
Population
200
Speed
Normal
Resources
Standard
Victory
Conquest
Starting age
Dark Age
Ending age
Imperial Age
RankedLock teamsTeams togetherTeam positionsShared explorationLock speedFull tech treeHidden civsTurbo modeCheats
Victory
Defeat
🇬🇧 Dravidians · United Kingdom
1117
+15
🇬🇧 Persians · United Kingdom
1113
+15
🇬🇧 Saxons · United Kingdom
1102
+15
🇬🇧 Khmer · United Kingdom
1102
+15
🇮🇳 Inca · India
1110
-16
🇬🇧 Saracens · United Kingdom
1099
-16
🇳🇱 Gurjaras · Netherlands
1073
-14
🇲🇽 Danes · Mexico
1061
-14
robertcristiann
7:04 Loom
12:37 Feudal Age
17:30 Castle Age
15:46 Double-Bit Axe
16:35 Horse Collar
18:08 Wheelbarrow
19:09 Stone Mining
21:48 Hand Cart
30:17 Forging
34:26 Imperial Age
34:13 Iron Casting
33:45 Scale Barding Armor
33:50 Heavy Plow
34:24 Bloodlines
33:35 Light Cavalry
35:44 Conscription
35:21 Elite Mameluke
38:00 Blast Furnace
37:22 Chain Barding Armor
37:49 Gold Mining
39:01 Fletching
39:28 Caravan
40:30 Plate Barding Armor
40:44 Bow Saw
41:22 Ballistics
42:03 Chemistry
40:59 Murder Holes
41:33 Onager
42:45 Bodkin Arrow
42:51 Padded Archer Armor
44:42 Fortified Wall
44:44 Masonry
44:40 Siege Engineers
44:38 Bracer
46:04 Leather Archer Armor
45:34 Siege Onager
51:55 Ring Archer Armor
51:20 Guard Tower
spudybudy
11:00 Feudal Age
10:00 Loom
14:14 Bloodlines
23:41 Castle Age
21:31 Double-Bit Axe
21:38 Gold Mining
21:31 Horse Collar
22:03 Stone Mining
23:23 Forging
23:31 Scale Barding Armor
25:26 Wheelbarrow
25:18 Bow Saw
26:01 Heavy Plow
27:59 Hand Cart
29:01 Iron Casting
29:51 Scale Mail Armor
30:12 Fletching
31:36 Chain Mail Armor
32:15 Kshatriyas
37:20 Imperial Age
35:29 Town Watch
36:07 Bodkin Arrow
37:11 Arson
39:04 Plate Mail Armor
40:53 Crop Rotation
39:52 Heavy Camel Rider
40:33 Husbandry
41:37 Conscription
41:42 Frontier Guards
41:32 Elite Chakram Thrower
42:36 Chain Barding Armor
44:11 Chemistry
44:38 Plate Barding Armor
47:07 Caravan
VVS
2:24 Loom
12:35 Feudal Age
13:14 Town Watch
14:27 Wheelbarrow
19:48 Castle Age
18:32 Double-Bit Axe
18:47 Stone Mining
18:58 Horse Collar
19:32 Gold Mining
28:23 Scale Mail Armor
34:05 Imperial Age
33:00 Heavy Plow
33:12 Bow Saw
33:50 Gold Shaft Mining
33:39 Forging
34:31 Caravan
35:11 Conscription
34:18 Capped Ram
36:07 Crop Rotation
37:57 Iron Casting
38:25 Fletching
40:04 Hand Cart
40:48 Elite Kamayuk
43:38 Onager
dantealhz
1:18 Loom
12:25 Feudal Age
21:50 Fletching
22:01 Padded Archer Armor
28:20 Castle Age
27:46 Gold Mining
27:46 Stone Mining
29:57 Crossbowman
36:17 Gold Shaft Mining
37:16 Wheelbarrow
43:11 Imperial Age
43:20 Onager
43:42 Northmen's Fury
44:42 Conscription
46:39 Chemistry
45:47 Siege Engineers
46:03 Ballistics
47:48 Masonry
47:33 Murder Holes
51:48 Forging
51:44 Scale Barding Armor
51:35 Bodkin Arrow
51:23 Light Cavalry
52:14 Bloodlines
52:05 Husbandry
DizzyLeChuckieEgg
2:52 Loom
7:06 Loom
9:49 Feudal Age
10:05 Man-at-Arms
10:54 Arson
13:46 Double-Bit Axe
15:10 Horse Collar
25:38 Castle Age
24:18 Fletching
27:56 Bow Saw
27:49 Heavy Plow
28:32 Bodkin Arrow
30:42 Wheelbarrow
30:53 Town Watch
34:41 Hand Cart
36:56 Fortified Wall
39:27 Imperial Age
37:07 Padded Archer Armor
37:42 Gold Mining
37:43 Stone Mining
38:30 Leather Archer Armor
38:37 Medical Corps
39:15 Husbandry
39:24 Thumb Ring
40:13 Bracer
40:43 Ballistics
41:24 Chemistry
42:11 Caravan
42:33 Elite Elephant Archer
44:03 Ring Archer Armor
46:01 Two-Man Saw
King_Of_Lincoln
3:24 Loom
15:14 Feudal Age
20:22 Castle Age
22:49 Wheelbarrow
22:05 Horse Collar
23:11 Town Watch
29:09 Hand Cart
30:01 Town Patrol
32:36 Forging
32:27 Scale Mail Armor
32:18 Fletching
32:28 Padded Archer Armor
33:03 Caravan
35:50 Chain Mail Armor
36:11 Iron Casting
35:32 Bodkin Arrow
35:52 Leather Archer Armor
36:50 Murder Holes
40:14 Imperial Age
38:01 Double-Bit Axe
39:21 Bow Saw
39:22 Heavy Plow
39:32 Arson
39:47 Squires
39:33 Gambesons
42:27 Chemistry
41:48 Ballistics
41:34 Siege Engineers
42:05 Plate Mail Armor
42:07 Ring Archer Armor
41:38 Bracer
41:44 Scale Barding Armor
41:32 Elite Varangian Guard
42:39 Conscription
41:41 Shield Wall
43:53 Pikeman
46:49 Crop Rotation
46:25 Halberdier
46:26 Man-at-Arms
49:08 Elite Hearth Troop
49:09 Clerical Recruitment
49:16 Long Swordsman
50:45 Chain Barding Armor
51:20 Two-Handed Swordsman
HrH The Sausage Meister General
1:39 Loom
12:36 Feudal Age
16:43 Castle Age
14:52 Double-Bit Axe
15:09 Horse Collar
17:16 Town Watch
21:21 Heavy Plow
21:34 Bow Saw
25:59 Gold Mining
26:18 Stone Mining
27:32 Gold Shaft Mining
27:44 Stone Shaft Mining
28:49 Wheelbarrow
35:00 Imperial Age
32:45 Hand Cart
33:52 Coinage
33:24 Caravan
33:55 Bloodlines
33:45 Husbandry
35:35 Ballistics
35:27 Masonry
35:31 Scale Barding Armor
35:36 Forging
35:09 Elite Ballista Elephant
35:52 Double Crossbow
36:29 Conscription
36:46 Hoardings
36:23 Siege Engineers
37:44 Town Patrol
38:38 Architecture
39:10 Chemistry
38:41 Architecture
41:22 Coinage
45:06 Banking
45:24 Capped Ram
48:15 Siege Ram
48:29 Elite Battle Elephant
50:17 Cavalier
51:21 Chain Barding Armor
51:37 Iron Casting
The Evil Monkey
9:44 Loom
13:38 Feudal Age
15:41 Wheelbarrow
14:54 Double-Bit Axe
14:50 Horse Collar
20:37 Castle Age
18:32 Stone Mining
21:11 Forging
21:08 Scale Barding Armor
21:41 Bow Saw
23:19 Gold Mining
25:26 Husbandry
33:32 Hand Cart
36:29 Imperial Age
34:05 Pikeman
34:06 Man-at-Arms
34:52 Heavy Plow
35:38 Iron Casting
36:22 Squires
35:43 Long Swordsman
36:08 Gambesons
36:25 Scale Mail Armor
37:13 Conscription
37:56 Two-Man Saw
37:31 Crop Rotation
37:43 Gold Shaft Mining
37:48 Stone Shaft Mining
37:20 Caravan
37:38 Cavalier
38:29 Bloodlines
37:44 Halberdier
38:09 Arson
39:08 Light Cavalry
41:08 Blast Furnace
40:23 Chain Mail Armor
41:21 Chain Barding Armor
42:20 Hussar
44:23 Chemistry
43:48 Ballistics
43:24 Murder Holes
45:12 Plate Mail Armor
45:18 Plate Barding Armor
45:59 Savar
Connection lost

Rejoining the realm…

Still unreachable

The connection could not be restored.

Session expired

The server has moved on; the page needs a fresh start.